Map: Chain of Ascension

Players

AnnaKarenina

  • Race: Zerg Zerg

NamroodTuo

  • Race: Zerg Zerg

VOD

Have the link to the VOD?

Description

Time

  • Played on: June 2, 2023, 11:55 a.m.
  • Length: 22:43
Show
View Real Time Build Order
Export as new Build Order

AnnaKarenina Zerg 

Build Orders:  

Get SALT Encoding   

  18  0:03  Primal Drone  
  19  0:12  Primal Drone  
  19  0:18  Primal Drone  
  21  0:24  Primal Drone  
  22  0:33  Primal Drone  
  23  0:50  Primal Drone  
  29  1:23  Primal Hive  
  29  1:34  Primal Drone x2  
  31  1:49  Primal Warden  
  32  2:01  Primal Drone x2  
  34  2:12  Primal Drone  
  34  2:14  Extractor x2  
  35  2:31  Primal Drone  
  36  2:54  Primal Drone  
  37  3:06  Primal Drone  
  37  3:09  Primal Zergling  
  39  3:10  Primal Zergling  
  40  3:24  Primal Drone  
  41  3:33  Ravasaur  
  41  3:34  Primal Zergling  
  44  3:44  Primal Warden  
  44  3:45  Primal Warden  
  44  4:27  Primal Drone x4  
  41  5:10  Primal Zergling  
  41  5:11  Primal Zergling x5  
  41  5:12  Primal Zergling x3  
  50  5:28  Glevig's Den  
  49  6:02  Ravasaur x2  
  49  6:03  Ravasaur x2  
  49  7:07  Primal Hydralisk  
  49  7:08  Primal Hydralisk x5  
  49  7:09  Primal Hydralisk x3  
  67  7:10  Murvar's Den  
  66  7:40  Primal Drone  
  66  7:41  Primal Drone x4  
  71  7:50  Primal Hive  
  71  7:57  Extractor x2  
  71  7:58  Primal Drone x2  
  71  7:59  Primal Drone x4  
  77  8:27  Primal Carapace Level 1, Primal Attacks Level 1  
  77  8:29  Primal Drone x3  
  78  8:45  Primal Warden  
  78  8:49  Primal Drone x3  
  81  8:50  Primal Warden  
  81  8:54  Primal Warden  
  81  9:18  Primal Drone  
  81  9:19  Primal Drone x3  
  85  9:25  Primal Mutalisk x3  
  85  9:27  Primal Mutalisk  
  81  9:33  Primal Reconstitution  
  69  10:14  Primal Hydralisk  
  71  10:34  Primal Hydralisk x3  
  71  10:35  Primal Hydralisk x4  
  85  11:03  Slicing Glave  
  85  11:29  Primal Hydralisk x2  
  88  11:30  Primal Hydralisk x5  
  88  11:31  Primal Hydralisk  
  100  11:50  Primal Attacks Level 2  
  100  11:59  Primal Mutalisk  
  99  12:00  Primal Mutalisk x2  
  99  12:03  Primal Mutalisk  
  99  12:08  Primal Drone x4  
  99  12:09  Primal Drone  
  98  13:17  Primal Hydralisk  
  98  13:18  Primal Hydralisk x4  
  98  13:19  Primal Hydralisk x6  
  120  13:20  Primal Hydralisk  
  116  13:39  Primal Zergling  
  117  13:40  Primal Zergling x5  
  122  13:50  Dakrun's Den  
  122  13:57  Muscular Augments  
  121  14:09  Primal Mutalisk  
  120  14:10  Primal Mutalisk x2  
  120  14:11  Primal Mutalisk x2  
  116  14:48  Ravasaur x3  
  116  14:54  Primal Mutalisk x2  
  116  14:55  Primal Mutalisk  
  113  15:06  Primal Attacks Level 3  
  107  16:06  Primal Carapace Level 2  
  107  16:23  Primal Hydralisk x4  
  107  16:24  Primal Hydralisk x2  
  119  17:12  Primal Hydralisk x2  
  119  17:13  Primal Hydralisk x4  
  119  17:17  Primal Mutalisk  
  119  17:18  Primal Mutalisk x2  
  112  18:54  Primal Hydralisk x3  
  112  18:55  Primal Hydralisk x4  
  112  18:56  Primal Hydralisk x3  
  112  18:57  Primal Hydralisk  
  128  20:04  Primal Hydralisk  
  128  20:05  Primal Hydralisk x4  
  128  20:06  Primal Hydralisk x8  
  154  20:58  Primal Hydralisk  
  154  20:59  Primal Hydralisk x6  
  165  21:00  Primal Hydralisk x2  
  163  21:23  Primal Hydralisk x4  
  163  21:24  Primal Hydralisk  
Show
View Real Time Build Order
Export as new Build Order

NamroodTuo Zerg 

Build Orders:  

Get SALT Encoding   

  12  0:19  Infested Barracks  
  12  0:25  Infested SCV  
  13  0:33  Infested SCV  
  13  0:39  Infested SCV  
  15  0:51  Overlord  
  15  1:18  Infested SCV  
  16  1:21  Infestation Level 1  
  16  1:25  Infested SCV  
  17  1:33  Infested SCV  
  18  1:41  Infested Refinery  
  18  1:43  Infested SCV  
  19  1:55  Overlord  
  19  1:57  Infested SCV  
  20  2:10  Infested SCV  
  21  2:24  Infested Refinery  
  21  2:26  Infested SCV  
  21  2:29  Infested Marine x3  
  25  2:55  Infested Bunker  
  25  2:59  Infested SCV  
  30  3:09  Overlord  
  27  3:36  Anaerobic Enhancement  
  27  3:41  Infested SCV  
  27  3:42  Infested SCV  
  29  3:51  Infested Barracks Tech Lab  
  29  4:13  Infested SCV  
  29  4:14  Infested SCV  
  29  4:17  Overlord  
  31  4:31  Infested Engineering Bay  
  31  5:14  Retinal Augmentation  
  31  5:17  Infestation Level 2  
  31  5:18  Infested Factory  
  31  5:21  Infested SCV  
  31  5:22  Infested SCV  
  31  5:23  Overlord  
  31  5:24  Overlord  
  33  5:31  Unknown  
  33  5:57  Infested SCV  
  38  6:18  Infested Bunker  
  42  6:44  Stukov Infantry Weapons Level 1, Infested Bunker  
  42  7:11  Infested Missile Turret  
  42  7:17  Broodling Gestation  
  46  8:12  Infested Bunker  
  50  8:24  Infested Bunker  
  50  8:29  Plagued Munitions  
  50  8:56  Infested Armory  
  50  9:08  Infested Diamondback  
  50  9:09  Infested Factory Tech Lab  
  53  9:14  Overlord  
  53  9:56  Infested Marine  
  54  10:13  Infested Command Center  
  54  10:18  Infested Missile Turret  
  54  10:42  Infested Marine x2  
  54  10:43  Infested Marine x15  
  71  11:11  Overlord x4  
  71  11:12  Aggressive Incubation  
  56  12:01  Infestation Level 3  
  56  12:04  Infested SCV  
  56  12:06  Infested SCV  
  56  12:09  Infested SCV  
  56  12:51  Infested SCV  
  56  12:52  Infested SCV x4  
  56  12:58  Infested Bunker  
  65  13:14  Overseer  
  65  13:32  Infested Diamondback  
  65  13:33  Infested Diamondback  
  71  13:43  Infested SCV  
  71  13:44  Infested SCV x2  
  74  13:53  Infested Diamondback  
  77  14:20  Infested Marine  
  77  14:21  Infested Marine x5  
  77  14:22  Infested Marine x14  
  97  14:42  Infested SCV x3  
  97  14:44  Infested SCV  
  101  15:04  Stukov Infantry Armor Level 1  
  101  15:09  Stukov Vehicle and Ship Weapons Level 1  
  101  15:29  Infested Missile Turret  
  105  15:39  Infested Bunker  
  105  15:56  Overseer  
  105  15:57  Overseer x3  
  105  16:02  Infested Diamondback x2  
  91  16:22  Infested Marine  
  91  16:23  Infested Marine x7  
  103  16:30  Infested Bunker  
  103  17:38  Infested Marine x7  
  103  17:39  Infested Marine x8  
  118  17:44  Stukov Infantry Weapons Level 2  
  118  17:45  Overlord x4  
  118  17:46  Overlord  
  118  17:49  Stukov Vehicle and Ship Armor Level 1  
  118  17:50  Overlord x3  
  118  17:51  Overlord x2  
  95  19:26  Infested Marine  
  95  19:27  Infested Marine x19  
  109  19:50  Infested Diamondback x4  
  109  19:51  Infested Diamondback  
  109  19:55  Overlord x4  
  109  19:56  Overlord  
  124  20:06  Saturated Cultures  
  124  20:52  Infested Marine x7  
  124  20:53  Infested Marine x10  
  124  20:54  Calcified Armor  
  124  20:55  Infested Diamondback  
  124  20:56  Infested Diamondback x2  
  124  20:58  Overlord  
  124  20:59  Overlord x2  
  150  21:06  Caustic Mucus, Overseer x2  
  150  21:21  Infested Refinery  
  150  21:27  Infested Refinery  
Tags
 
Add a new tag
Caveats
  • Supply blocks, unpowered buildings, or Contaminate may cause inaccurate times.
  • Supply counts are checked every 10 seconds.